 Dungeon Crawl Stone Soup version 0.21-a0-450-gd87a9b2 (webtiles) character file.

112 slep the Slasher (level 4, -2/41 HPs)
             Began as a Minotaur Monk on Nov 18, 2017.
             Slain by a gnoll
             ... wielding a cursed +0 halberd
              (6 damage)
             ... on level 2 of the Dungeon.
             The game lasted 00:05:43 (1309 turns).

slep the Slasher (Minotaur Monk)                    Turns: 1309, Time: 00:05:44

Health: -2/41      AC:  6    Str: 15    XL:     4   Next: 63%
Magic:  3/3        EV: 12    Int:  7    God:
Gold:   63         SH:  0    Dex: 14    Spells: 3/3 levels left

rFire    . . .     SeeInvis .   a - +0 falchion
rCold    . . .     Gourm    .   (no shield)
rNeg     . . .     Faith    .   n - +0 ring mail
rPois    .         Spirit   .   (helmet restricted)
rElec    .         Reflect  .   (no cloak)
rCorr    .         Harm     .   (no gloves)
MR       .....                  d - +0 pair of boots
Stlth    +.........             (no amulet)
HPRegen  0.13/turn              (no ring)
MPRegen  0.08/turn              (no ring)

@: no status effects
A: retaliatory headbutt, horns 2
a: no special abilities


You were on level 2 of the Dungeon.
You were not hungry.

You visited 1 branch of the dungeon, and saw 2 of its levels.

You collected 63 gold pieces.

Inventory:

Hand Weapons
 a - a +0 falchion (weapon)
Missiles
 o - 2 tomahawks (quivered)
Armour
 b - a +0 robe
 d - a +0 pair of boots (worn)
 n - a +0 ring mail (worn)
Scrolls
 e - a scroll of noise {unknown}
 f - 2 scrolls of recharging {unknown}
 g - 2 scrolls of amnesia {unknown}
 h - 4 scrolls of identify {unknown}
 j - 4 scrolls of remove curse {unknown}
 k - 2 scrolls of fog {unknown}
Potions
 l - a potion of curing {unknown}
Comestibles
 c - 2 bread rations
 i - a royal jelly
 m - 3 fruits


   Skills:
 + Level 4.3 Fighting
 + Level 5.2 Long Blades
 + Level 0.7 Armour
 + Level 4.1 Dodging
 + Level 1.8 Stealth


You had 3 spell levels left.
You didn't know any spells.

Dungeon Overview and Level Annotations

Branches:
Dungeon (2/15)

Altars:
Trog


Innate Abilities, Weirdness & Mutations

You reflexively headbutt those who attack you in melee.
You have a pair of horns on your head.


Message History

The gnoll hits you with a halberd.
You see here a whip.
You barely miss the gnoll. Your headbutt misses the gnoll.
The gnoll completely misses you. The gnoll hits you with a halberd!
You hit the gnoll but do no damage. The gnoll hits you with a whip!
* * * LOW HITPOINT WARNING * * *
The gnoll closely misses you. You furiously retaliate!
You headbutt the gnoll. You barely miss the gnoll.
The gnoll is lightly wounded.
The gnoll misses you.
You barely miss the gnoll.
The gnoll is lightly wounded.
The gnoll barely misses you. You furiously retaliate!
You headbutt the gnoll. The gnoll hits you with a whip.
* * * LOW HITPOINT WARNING * * *
You hit the gnoll but do no damage. You headbutt the gnoll!
The gnoll is almost dead.
The rat twitches its whiskers.
The gnoll closely misses you. The gnoll hits you with a halberd.
You die...

#..............# #####'######.
#..............# #.## #.
#######........#######..#####.
#.........##.............
#.........##.............
#.......####......>......
#.......# #.............
#.......####.............
###....g@.##########..##.
#######g# ##.##. .......r#
#..#. ##..........# ##.#.
#.#........g.. #.#. #
#........... ####.#.
#........... +......
#........... #####..
#........... #..


You could see 2 gnolls and a rat.

Vanquished Creatures
  An orc priest (D:2)
  2 gnolls
  An adder (D:2)
  A worm (D:2)
  A dart slug (D:1)
  2 leopard geckos (D:1)
  3 orcs
  5 bats
  A giant cockroach (D:2)
  5 goblins
  6 hobgoblins
  5 kobolds
  A quokka (D:2)
  3 frilled lizards
  5 rats
42 creatures vanquished.

Notes
Turn   | Place    | Note
-------+----------+-------------------------------------------
     0 | D:1      | slep the Minotaur Monk began the quest for the Orb.
     0 | D:1      | Reached XP level 1. HP: 19/19 MP: 0/0
    86 | D:1      | Reached skill level 4 in Long Blades
    86 | D:1      | Reached XP level 2. HP: 27/27 MP: 1/1
   528 | D:1      | Reached XP level 3. HP: 33/33 MP: 2/2
   604 | D:2      | Found a bloodstained altar of Trog.
   678 | D:2      | Reached XP level 4. HP: 30/40 MP: 3/3
   720 | D:2      | Reached skill level 5 in Long Blades
   748 | D:2      | HP: 2/40 [something/puff of flame (9)]
  1309 | D:2      | Slain by a gnoll

Vault maps used:
D:1:      sevenhm_arrival_forest_fort_large_3, minmay_misc_feat_diagonals
D:2:      bloody_trog

Skill      XL: |  1  2  3  4 |
---------------+-------------+-----
Long Blades    | 4 5 |  5.2
Fighting       | 4 |  4.3
Dodging        | 4 |  4.1
Armour         | |  0.7
Stealth        | |  1.8

Action                   |  1- 3 |  4- 6 || total
-------------------------+-------+-------++-------
Melee: Falchion          |    43 |    43 ||    86
       Headbutt          |     6 |     9 ||    15
 Stab: Sleeping          |     1 |       ||     1
  Eat: Chunk             |       |     1 ||     1
Armor: Robe              |    11 |       ||    11
       Ring mail         |       |     2 ||     2
Dodge: Dodged            |    35 |    33 ||    68
       Rpst.: Falchion   |    10 |     5 ||    15

Table legend:
 A = Spawn XP
 B = Non-spawn XP
 C = Spawn XP percentage of total XP
 D = Spawn monster count
 E = Non-spawn monster count
 F = Spawn count percentage of total count
 G = Total turns spent on level
                    A         B        C        D         E        F      G
               +---------+---------+-------+---------+---------+-------+---------
         Total |       0 |     160 |   0.0 |       0 |      42 |   0.0 |  1309
               +---------+---------+-------+---------+---------+-------+---------
           D:1 |       0 |      57 |   0.0 |       0 |      23 |   0.0 |   893
           D:2 |       0 |     103 |   0.0 |       0 |      19 |   0.0 |   416
               +---------+---------+-------+---------+---------+-------+---------
